 Dungeon Crawl Stone Soup version 0.31-a0-1005-gfbdfbacc72 (webtiles) character file.

Game seed: 16106837264943165287

25829 kae the Jinx (level 12, -3/80 HPs)
             Began as a Demonspawn Enchanter on Nov 10, 2023.
             Was an Elder of Dithmenos.
             Slain by a freezing wraith (20 damage)
             ... led by a death knight
             ... on level 14 of the Dungeon.
             The game lasted 00:16:31 (16285 turns).

kae the Jinx (Demonspawn Enchanter)                Turns: 16285, Time: 00:16:32

Health: -3/80      AC: 18    Str: 13    XL:     12   Next: 92%
Magic:  24/24      EV: 16    Int: 22    God:    Dithmenos [****..]
Gold:   908        SH:  0    Dex: 15    Spells: 16/27 levels left

rFire   . . .        x - +9 dagger
rCold   . . .        (no shield)
rNeg    . . .        t - +0 acid dragon scales
rPois   .            f - +2 helmet
rElec   .            g - +2 cloak
rCorr   +            (no gloves)
SInv    .            F - +2 pair of boots {Fly}
Will    .....        (no amulet)
Stlth   ++++++       E - +5 ring of evasion
HPRegen 0.33/turn    I - +6 ring of intelligence
MPRegen 0.19/turn

%: no passive effects
@: weak-willed, flying, wreathed by umbra, invisible (expiring)
A: hooves 1, icy blue scales 2, demonic guardian 2, powered by pain 2
a: Renounce Religion, Shadow Step


You were on level 14 of the Dungeon.
You worshipped Dithmenos.
Dithmenos was greatly pleased with you.
You visited 2 branches of the dungeon, and saw 15 of its levels.
You also visited: Ossuary and Bailey.

You collected 1104 gold pieces.
You spent 196 gold pieces at shops.


Innate Abilities, Weirdness & Mutations

You have large cloven feet.
You are mostly covered in icy blue scales. (AC +3)
A demonic guardian rushes to your aid.
You sometimes gain power by taking damage.


   Skills:
 + Level 2.5 Fighting
 - Level 12.0 Short Blades
 - Level 1.7 Dodging
 - Level 9.0 Stealth
 - Level 8.1 Spellcasting
 - Level 13.0 Hexes
 - Level 3.0 Ice Magic


You had 16 spell levels left.
You knew the following spells:

 Your Spells              Type           Power      Damage    Failure   Level
a - Ensorcelled Hibernat  Hex/Ice        88%        N/A       1%          2
b - Confusing Touch       Hex            60%        N/A       1%          3
c - Tukima's Dance        Hex            60%        N/A       1%          3
d - Dazzling Flash        Conj/Hex       74%        N/A       2%          3

Your spell library contained the following spells:

 Spells                   Type           Power      Damage    Failure   Level
 Freeze                   Ice            88%        1d9       3%          1
 Frozen Ramparts          Ice            44%        1d7       10%         3
 Sandblast                Erth           16%        2d6       11%         1
 Summon Small Mammal      Summ           32%        N/A       11%         1
 Metabolic Englaciation   Hex/Ice        22%        N/A       11%         5
 Passwall                 Tmut/Erth      6%         N/A       16%         2
 Poisonous Vapours        Pois/Air       16%        N/A       16%         2
 Scorch                   Fire           16%        2d5       16%         2
 Sublimation of Blood     Necr           8%         N/A       16%         2
 Wereblood                Tmut           8%         N/A       16%         2
 Hailstorm                Conj/Ice       15%        3d5       17%         3
 Call Canine Familiar     Summ           8%         N/A       32%         3
 Mephitic Cloud           Conj/Pois/Air  8%         N/A       32%         3
 Stone Arrow              Conj/Erth      16%        3d8       32%         3
 Animate Armour           Summ/Erth      16%        N/A       71%         4
 Brom's Barrelling Bould  Conj/Erth      8%         2d3       71%         4
 Flame Wave               Conj/Fire      8%         2d5       71%         4
 Petrify                  Tmut/Erth      8%         N/A       71%         4
 Freezing Cloud           Conj/Ice/Air   6%         6-21      89%         5
 Summon Forest            Summ/Tloc      4%         N/A       96%         5
 Summon Cactus Giant      Summ           4%         N/A       100%        6
 Summon Hydra             Summ           4%         N/A       100%        7
 Lehudib's Crystal Spear  Conj/Erth      4%         10d3      100%        8

Inventory:

Hand Weapons
 a - a +2 dagger
 x - a +9 dagger (weapon)
   (You took it off an orc wizard on level 7 of the Dungeon)
Missiles
 e - 25 stones
 y - 2 curare-tipped darts {=f}
 C - 10 poisoned darts
 G - 2 throwing nets {=f!f}
 L - 3 boomerangs
Armour
 f - a +2 helmet (worn)
   (You found it on level 3 of the Dungeon)
 g - a +2 cloak (worn)
   (You found it on level 2 of the Dungeon)
 l - a +0 pair of boots of stealth
   (You found it in a bailey)
 p - a +2 leather armour of cold resistance
   (You bought it in a shop on level 4 of the Dungeon)
 t - +0 acid dragon scales (worn)
   (You found it on level 9 of the Dungeon)
 F - a +2 pair of boots of flying (worn)
   (You found it on level 9 of the Dungeon)
Jewellery
 w - a ring of magical power
   (You found it on level 7 of the Dungeon)
 E - a +5 ring of evasion (left hand)
   (You found it on level 1 of the Dungeon)
 I - a +6 ring of intelligence (right hand)
   (You found it on level 8 of the Dungeon)
 N - a ring of willpower
   (You found it on level 14 of the Dungeon)
 W - a ring of magical power
   (You found it on level 3 of the Dungeon)
Wands
 h - a wand of roots (12)
   (You found it on level 9 of the Dungeon)
 o - a wand of paralysis (10)
   (You found it on level 8 of the Dungeon)
 v - a wand of polymorph (3)
   (You found it on level 8 of the Dungeon)
 D - a wand of light (6)
   (You found it on level 10 of the Dungeon)
Scrolls
 b - 3 scrolls of immolation {!r!r}
 m - 3 scrolls of identify {@r1}
 r - 4 scrolls of teleportation {@r4}
 s - 2 scrolls of revelation
 A - 2 scrolls of poison {!r}
 H - a scroll of fear
 J - a scroll of summoning
 K - a scroll of vulnerability {unknown}
Potions
 c - 2 potions of invisibility
 d - 12 potions of curing {@q1}
 i - 3 potions of attraction {!q}
 j - 5 potions of heal wounds {@q2}
 k - 2 potions of haste {@q3}
 n - a potion of might
 q - a potion of mutation {!q}
 u - 5 potions of brilliance
 z - 2 potions of lignification {!q}
 B - 3 potions of enlightenment
 M - a potion of ambrosia {unknown}

Dungeon Overview and Level Annotations

Branches:
Dungeon (14/15) Zot: 26624  Temple (1/1) D:7 Zot: 5928    Lair (0/5) D:9
    Orc (0/2) D:10        Ossuary (visited)          Bailey (visited)
 Vaults: D:13-14

Altars:
Ashenzari
Cheibriados
Dithmenos
Fedhas
Gozag
Hepliaklqana
Kikubaaqudgha
Makhleb
Nemelex Xobeh
Okawaru
Qazlal
Ru
Sif Muna
Trog
Uskayaw
Vehumet
Wu Jian
Xom
Yredelemnul

Shops:
D:4 [   D:5 *   D:12 *((

Annotations:
D:2 Sigmund
D:6 exclusions: statue and 1 more exclusion
D:12 1 transporter

.......#
.......#
#.........
.......#
#.........
>..)...#
#.........
.......#
#.....y...
.....<.#
#.........
.......#
#..4......
.......#
#WW)......
.......#
#)@.#
.......#
#...#
.......#
#...#
.......#
#...#
.[..<..#
#...#
.......#
#...#
.......#
#...#
.......#
#...#
.......#
#...#


You could see a phantasmal warrior (ally target), a freezing wraith, a meliai
(unable to see you) and a friendly rust devil (summoned).


Message History

You reach down and open the door.
There is an open door here.
There is an open door here.
Found an escape hatch in the floor.
A deep elf pyromancer comes into view. It is wielding a +0 long sword.
A deep elf pyromancer is nearby!
A deep elf pyromancer is nearby!
Found a stone staircase leading up.
The helpless deep elf pyromancer fails to defend itself.
You perforate the deep elf pyromancer like a sieve!!!!
You kill the deep elf pyromancer!
Dithmenos accepts your kill.
Your Fighting skill increases to level 1!
No target in view! 😎 HP[+3]
You now have 78 max hp (+3).
Your hp is fully restored (78).
No target in view!
No target in view!
Things that are here:
a +0 long sword; an elf corpse
Found a stone staircase leading up.
There is a stone staircase leading up here.
No target in view!
No target in view!
You now have 908 gold pieces (gained 16).
k - 2 potions of haste {@q3} (gained 1)
Found an escape hatch in the ceiling.
No target in view!
No target in view!
There is an escape hatch in the ceiling here.
A skeletal warrior comes into view. It is wielding a +0 trident.
A death knight and a phantasmal warrior come into view.
The death knight is wielding a +1 great sword of distortion.
Unknown command.
Aiming: Shadow Step
Press: ? - help, Dir - move target, f - skeletal warrior
Aim: a skeletal warrior, wielding a +0 trident (dormant, umbra)
Okay, then.
You fade into invisibility!
Unknown command.
A freezing wraith comes into view.
The helpless skeletal warrior fails to defend itself.
You spit the skeletal warrior like a pig!!!!
You destroy the skeletal warrior!
Dithmenos accepts your kill.
Your Fighting skill increases to level 2! 😎 HP[+2]
You now have 80 max hp (+2).
Your hp is fully restored (80).
A meliai comes into view. It is wielding a +0 hand axe.
The phantasmal warrior hits you!
The death knight shouts! 😕 HP[-15]
You take 15 damage, and now have 65/80 hp.
The meliai buzzes angrily.
You hit the death knight.
You hear an angry buzzing noise.
A meliai comes into view. It is wielding a +0 hand axe.
Unknown command.
You puncture the death knight!
A meliai comes into view. It is wielding a +0 war axe.
You closely miss the death knight.
The phantasmal warrior closely misses you. 😕 HP[+1] Unknown command.
You barely miss the death knight.
You hit the death knight but do no damage.
The death knight barely misses you.
The phantasmal warrior hits you! 😮 HP[-10]
You take 10 damage, and now have 56/80 hp.
Unknown command.
You hit the death knight.
The meliai buzzes angrily.
You hit the death knight but do no damage.
You flicker for a moment.
The freezing wraith hits you. The freezing wraith freezes you!
* * * LOW HITPOINT WARNING * * *
The freezing wraith completely misses you.
The phantasmal warrior hits you but does no damage.
The death knight misses you. 😨 HP[-17]
You take 17 damage, and now have 39/80 hp.
MASSIVE DAMAGE!! (PAUSE)
You catch the helpless death knight completely off-guard!
You skewer the death knight like a kebab!!!
Your shadow closely misses the death knight.
Okay, then.
You strike the helpless death knight from behind!
You impale the death knight!!
You kill the death knight!
Dithmenos accepts your kill. The phantasmal warrior hits you.
* * * LOW HITPOINT WARNING * * *
A demonic guardian appears!
Your willpower is stripped away!
The meliai calls down the wrath of its god upon you.
Something smites you!
* * * LOW HITPOINT WARNING * * *
The freezing wraith hits you.
* * * LOW HITPOINT WARNING * * *
The freezing wraith freezes you!!
You die...

Skill      XL: |  1  2  3  4  5  6  7  8  9 10 11 12 |
---------------+-------------------------------------+-----
Short Blades   | 1 2 3 4 5 7 8 10 12 | 12.0
Stealth        | 3 4 5 6 7 8 9 |  9.0
Ice Magic      | 1 2 3 |  3.0
Hexes          | 4 5 7 8 10 11 13 | 13.0
Spellcasting   | 3 4 5 6 7 8 |  8.1
Fighting       | 2 |  2.5
Dodging        | |  1.7

Action                     |  1- 3 |  4- 6 |  7- 9 | 10-12 || total
---------------------------+-------+-------+-------+-------++-------
  Melee: Dagger            |   158 |   215 |   335 |   677 ||  1385
         Punch             |       |     1 |     8 |     6 ||    15
   Cast: Ensorcelled Hiber |     9 |    26 |    73 |    92 ||   200
         Confusing Touch   |       |     3 |     8 |    11 ||    22
    Use: Scroll            |     2 |     8 |    14 |     7 ||    31
         Potion            |       |       |     2 |     1 ||     3
   Stab: Sleeping          |     8 |    21 |    44 |    72 ||   145
         Confused          |       |     2 |     7 |     7 ||    16
         Invisible         |       |       |       |     2 ||     2
         Distracted        |       |       |       |     1 ||     1
 Armour: Robe              |    77 |    46 |       |       ||   123
         Leather armour    |       |    43 |   237 |    38 ||   318
         Acid dragon scale |       |       |       |   268 ||   268
  Dodge: Dodged            |   117 |   154 |   376 |   431 ||  1078

Levels and vault maps discovered:
D:1:      roadster_arrival_rocket_large, layout_rooms,
          shapermc_ecumenical_altar_rom_forum, minmay_misc_feat_tiny,
          serial_bayou_lagoon_a, grunt_decor_resistance, minmay_lizard_king
D:2:      layout_basic, uniq_sigmund
D:3:      layout_basic, nicolae_ru_sacrificial_ziggurat, kennysheep_nub,
          minmay_quadrilaterals
D:4:      layout_loops_ring, mainiacjoe_overflow_small_starburst, serial_shops,
          shop_fountains, st_stairs_12, amethyst_killhole, serial_bayou_lake_a
D:5:      layout_loops_ring, serial_shops, kennysheep_mini_moat,
          chequers_serial_rivers_micro_b
D:6:      kennysheep_big_flooded_room, layout_basic, tgw_sif, vehumet_statue,
          tso_altar, wad_woods_river_04
D:7:      layout_rooms, minmay_temple_entry_junction
D:8:      layout_basic, nzn_wu_jian_council_hall, lemuel_crystal_altar,
          lemuel_coloured_pillars_altar, nicolae_ossuary_entry_plus
D:9:      hangedman_cross_cluster, layout_irregular_city, marbit_many_paths
D:10:     layout_basic, cheibrodos_worm_habitat, orc_0_dummy, enter_bailey_2,
          introduction_to_nature_2
D:11:     layout_roguey
D:12:     gammafunk_sealed_library, layout_rooms,
          nicolae_shop_distant_corner_stores
D:13:     layout_loops_ring, hellmonk_vaults_attempted_burglary, special_room
          [special_room_orc], uniq_jorgrun
D:14:     minmay_chambers_of_sevens, layout_long_grid, kennysheep_doodads,
          minmay_misc_feat_encased
Temple:   minmay_temple_forest_path

Notes
Turn   | Place    | Note
-------+----------+-------------------------------------------
     0 | D:1      | kae the Demonspawn Enchanter began the quest for the Orb.
     0 | D:1      | Reached XP level 1. HP: 13/13 MP: 3/3
     0 | D:1      | magus.rc [v1.11.3]
    26 | D:1      | Reached skill level 1 in Short Blades
    64 | D:1      | HP: 3/13 [goblin/+0 dagger (3)]
   153 | D:1      | Gained mutation: You are partially covered in icy blue
                  | scales. (AC +2) [demonic ancestry]
   153 | D:1      | Reached XP level 2. HP: 9/19 MP: 5/5
   242 | D:1      | Found a faded altar of an unknown god.
   269 | D:1      | Got Plato's Elucidation of Hail
   294 | D:1      | Learned a level 2 spell: Ensorcelled Hibernation
   336 | D:1      | Reached skill level 3 in Stealth
   691 | D:1      | Reached XP level 3. HP: 21/24 MP: 6/6
  1247 | D:2      | Noticed Sigmund
  1653 | D:2      | Gained mutation: You are mostly covered in icy blue scales.
                  | (AC +3) [demonic ancestry]
  1653 | D:2      | Reached XP level 4. HP: 30/30 MP: 7/7
  1812 | D:3      | Reached skill level 2 in Short Blades
  2330 | D:3      | Found a sacrificial altar of Ru.
  2455 | D:3      | You pick up a book of Armaments and begin reading...
  2455 | D:3      | You add the spells Stone Arrow, Animate Armour and
                  | Lehudib's Crystal Spear to your library.
  2457 | D:3      | You pick up a book of Sloth and begin reading...
  2457 | D:3      | You add the spells Frozen Ramparts, Petrify and Metabolic
                  | Englaciation to your library.
  2711 | D:3      | Learned a level 3 spell: Confusing Touch
  2861 | D:4      | Found a basalt altar of Yredelemnul.
  2870 | D:4      | Reached skill level 1 in Ice Magic
  2931 | D:4      | Reached skill level 4 in Hexes
  2931 | D:4      | Reached XP level 5. HP: 33/35 MP: 8/8
  2976 | D:4      | You pick up a book of Blood and begin reading...
  2976 | D:4      | You add the spells Sublimation of Blood, Wereblood and
                  | Summon Hydra to your library.
  3188 | D:4      | Found Segh's Antique Armour Shoppe.
  3193 | D:4      | Bought a dyed leather armour for 140 gold pieces
  3515 | D:4      | Noticed a phantom
  3559 | D:4      | Killed a phantom
  3560 | D:4      | Reached skill level 3 in Short Blades
  3560 | D:4      | Reached XP level 6. HP: 27/41 MP: 10/10
  3878 | D:5      | Entered Level 5 of the Dungeon
  4081 | D:5      | Found Onynlets's General Store.
  4084 | D:5      | Bought a scroll of identify for 28 gold pieces
  4084 | D:5      | Bought a scroll of identify for 28 gold pieces
  4110 | D:5      | Reached skill level 3 in Spellcasting
  4239 | D:5      | Reached skill level 4 in Stealth
  4239 | D:5      | Reached skill level 2 in Ice Magic
  4239 | D:5      | Gained mutation: A weak demonic guardian rushes to your
                  | aid. [demonic ancestry]
  4239 | D:5      | Reached XP level 7. HP: 46/46 MP: 11/11
  4419 | D:5      | Reached skill level 5 in Hexes
  4624 | D:5      | Learned a level 3 spell: Tukima's Dance
  4628 | D:5      | Learned a level 3 spell: Dazzling Flash
  4840 | D:6      | HP: 11/46 [poisoned by a scorpion]
  5017 | D:6      | Reached skill level 4 in Short Blades
  5161 | D:6      | You pick up a book of Scorching and begin reading...
  5161 | D:6      | You add the spells Scorch, Flame Wave and Summon Cactus
                  | Giant to your library.
  5190 | D:6      | HP: 11/46 [hound (4)]
  5196 | D:6      | HP: 11/46 [asphyx]
  5198 | D:6      | HP: 5/46 [poisoned by a kobold brigand (curare-tipped
                  | dart)]
  5210 | D:6      | HP: 11/46 [sleepcap (5)]
  5217 | D:6      | HP: 9/46 [sleepcap (4)]
  5385 | D:6      | Gained mutation: A demonic guardian rushes to your aid.
                  | [demonic ancestry]
  5385 | D:6      | Reached XP level 8. HP: 52/52 MP: 13/13
  5481 | D:6      | Found a radiant altar of Vehumet.
  5596 | D:6      | Noticed a troll
  5604 | D:6      | HP: 8/52 [troll (10)]
  5604 | D:6      | HP: 3/52 [troll (5)]
  5610 | D:6      | Killed a troll
  5611 | D:6      | Reached skill level 4 in Spellcasting
  5611 | D:6      | Reached skill level 6 in Hexes
  5611 | D:6      | Reached skill level 3 in Ice Magic
  5853 | D:6      | Noticed a manticore
  5879 | D:6      | Killed a manticore
  5880 | D:6      | Reached skill level 5 in Short Blades
  5880 | D:6      | Reached skill level 5 in Stealth
  6233 | D:6      | Found a shimmering blue altar of Sif Muna.
  6470 | D:7      | Reached skill level 7 in Hexes
  6504 | D:7      | Gained mutation: You sometimes gain a little power by
                  | taking damage. [demonic ancestry]
  6504 | D:7      | Reached XP level 9. HP: 48/57 MP: 14/15
  6623 | D:7      | Reached skill level 6 in Short Blades
  6677 | D:7      | HP: 13/57 [ogre/+0 giant club (16)]
  7410 | D:7      | Found a staircase to the Ecumenical Temple.
  7457 | Temple   | Entered the Ecumenical Temple
  7493 | Temple   | Became a worshipper of Dithmenos the Shadowed
  7558 | D:8      | Found a hide-covered altar of Uskayaw.
  7572 | D:8      | Found a sand-covered staircase.
  7576 | Ossuary  | Entered an ossuary
  7588 | Ossuary  | Reached skill level 5 in Spellcasting
  7683 | Ossuary  | Reached * piety under Dithmenos
  7695 | Ossuary  | Reached skill level 8 in Hexes
  7741 | Ossuary  | Reached skill level 6 in Stealth
  8142 | D:8      | Reached skill level 7 in Short Blades
  8148 | D:8      | Noticed a kobold demonologist
  8153 | D:8      | Killed a kobold demonologist
  8265 | D:8      | Noticed a two-headed ogre
  8282 | D:8      | Killed a two-headed ogre
  8283 | D:8      | Reached XP level 10. HP: 23/63 MP: 18/18
  8382 | D:8      | Found a shimmering altar of Xom.
  8636 | D:8      | Found an ornate altar of the Wu Jian Council.
  9001 | D:9      | Reached skill level 9 in Hexes
  9026 | D:9      | Noticed a green ugly thing
  9032 | D:9      | Noticed a brown ugly thing
  9032 | D:9      | Noticed a centaur warrior
  9037 | D:9      | HP: 14/63 [acid (10)]
  9037 | D:9      | Noticed a boulder beetle
  9047 | D:9      | HP: 14/63 [something (2)]
  9224 | D:8      | Killed a brown ugly thing
  9266 | D:8      | Killed a green ugly thing
  9267 | D:8      | Reached skill level 8 in Short Blades
  9798 | D:9      | Reached skill level 6 in Spellcasting
  9908 | D:9      | Noticed a cyclops
  9911 | D:9      | Noticed a two-headed ogre
  9911 | D:9      | Noticed a centaur warrior
  9916 | D:9      | Killed a cyclops
 10047 | D:8      | Killed a two-headed ogre
 10048 | D:8      | Reached skill level 7 in Stealth
 10057 | D:8      | Killed a centaur warrior
 10058 | D:8      | Reached skill level 10 in Hexes
 10449 | D:9      | Gained mutation: You sometimes gain power by taking damage.
                  | [demonic ancestry]
 10449 | D:9      | Reached XP level 11. HP: 20/68 MP: 20/20
 10654 | D:9      | Killed a centaur warrior
 10655 | D:9      | Reached skill level 9 in Short Blades
 10891 | D:9      | Reached ** piety under Dithmenos
 11040 | D:9      | Killed a boulder beetle
 11128 | D:9      | You pick up a book of Vapours and begin reading...
 11128 | D:9      | You add the spells Poisonous Vapours, Mephitic Cloud and
                  | Freezing Cloud to your library.
 11445 | D:9      | Found a staircase to the Lair.
 11456 | D:9      | Noticed a two-headed ogre
 11467 | D:9      | Killed a two-headed ogre
 11753 | D:9      | Found a stormy altar of Qazlal.
 11945 | D:10     | Identified the of Hine
 11945 | D:10     | Entered Level 10 of the Dungeon
 12009 | D:10     | Found a snail-covered altar of Cheibriados.
 12020 | D:10     | Reached skill level 7 in Spellcasting
 12020 | D:10     | Reached skill level 11 in Hexes
 12059 | D:10     | Found a flagged portal.
 12068 | Bailey   | Entered a bailey
 12384 | Bailey   | Reached skill level 8 in Stealth
 12548 | D:10     | You pick up a book of Geomancy and begin reading...
 12548 | D:10     | You add the spells Sandblast, Passwall and Brom's
                  | Barrelling Boulder to your library.
 12631 | D:10     | Reached skill level 10 in Short Blades
 12844 | D:10     | Reached *** piety under Dithmenos
 13085 | D:10     | Found a staircase to the Orcish Mines.
 13759 | D:10     | You add the spells Summon Small Mammal, Hailstorm, Call
                  | Canine Familiar and Summon Forest to your library.
 13991 | D:11     | Gained mutation: You have large cloven feet. [demonic
                  | ancestry]
 13991 | D:11     | Reached XP level 12. HP: 74/74 MP: 23/23
 14008 | D:11     | Noticed a two-headed ogre
 14014 | D:11     | Killed a two-headed ogre
 14249 | D:11     | Noticed a boulder beetle
 14258 | D:11     | Killed a boulder beetle
 14648 | D:12     | Reached skill level 12 in Hexes
 14652 | D:12     | Found Ibaimn's General Store.
 14653 | D:12     | Found Jemygh's Weapon Boutique.
 14654 | D:12     | Found Hasointonopt's Weapon Boutique.
 14853 | D:12     | Reached **** piety under Dithmenos
 14867 | D:12     | Noticed an ogre mage
 14872 | D:12     | Noticed an ogre mage
 14889 | D:12     | Identified the +2 robe of Apathy {rPois Int+4}
 14916 | D:12     | Noticed a deep elf annihilator
 14981 | D:12     | Found a shimmering blue altar of Sif Muna.
 15066 | D:12     | Reached skill level 11 in Short Blades
 15090 | D:12     | Noticed a boulder beetle
 15098 | D:12     | Killed a boulder beetle
 15167 | D:12     | Noticed an ogre mage
 15170 | D:12     | Found a transporter.
 15208 | D:12     | Noticed an ogre mage
 15210 | D:12     | Noticed an ogre mage
 15278 | D:12     | Reached skill level 8 in Spellcasting
 15463 | D:12     | Noticed a two-headed ogre
 15471 | D:12     | Killed a two-headed ogre
 15472 | D:12     | Reached skill level 9 in Stealth
 15900 | D:13     | You are sucked into a shaft and drop 1 floor!
 16017 | D:14     | Noticed a centaur warrior
 16022 | D:14     | Noticed a centaur warrior
 16024 | D:14     | Killed a centaur warrior
 16025 | D:14     | Reached skill level 13 in Hexes
 16031 | D:14     | Killed a centaur warrior
 16032 | D:14     | Reached skill level 12 in Short Blades
 16165 | D:14     | You pick up a book of Scorching and begin reading...
 16226 | D:14     | Reached skill level 1 in Fighting
 16268 | D:14     | Noticed a death knight
 16276 | D:14     | Reached skill level 2 in Fighting
 16285 | D:14     | Killed a death knight
 16285 | D:14     | HP: 17/80 [freezing wraith[a death knight] (5)]
 16285 | D:14     | Slain by a freezing wraith

Vanquished Creatures
  3 centaur warriors
  A death knight (D:14)
  3 boulder beetles
  4 two-headed ogres
  A skeletal warrior (D:14)
  2 deep elf pyromancers
  3 cyclopes
  5 ugly things
  3 manticores
  A gargoyle (D:10)
  An unseen horror (D:9)
  An efreet (D:9)
  2 kobold demonologists
  2 trolls
  2 hornets
  3 vampires (D:11)
  A shadow (D:9)
  2 wraiths
  10 yaks
  2 basilisks
  2 wyverns (D:9)
  2 steam dragons
  11 vampire mosquitoes
  6 acid dragons
  A water moccasin (D:10)
  10 orc warriors
  An ice beast (D:7)
  2 ogres
  3 centaurs
  A phantom (D:4)
  4 kobold brigands
  2 bullfrogs
  A gnoll sergeant (D:12)
  5 scorpions
  5 water moccasin zombies (Ossuary)
  3 wights (D:7)
  10 killer bees
  4 howler monkeys
  2 oklob saplings (D:10)
  An electric eel (D:6)
  A hound (D:7)
  3 jellies
  3 orc priests
  A gnoll bouda (D:6)
  A sleepcap (D:4)
  4 iguanas
  9 orc wizards
  2 mummies (Ossuary)
  15 gnolls
  13 adders
  A shadow imp (D:8)
  2 white imps
  An ufetubus (D:6)
  5 adder zombies (Ossuary)
  4 worms
  2 dart slugs
  39 orcs
  13 ball pythons
  9 endoplasms
  3 giant cockroaches
  A gnoll zombie (Ossuary)
  8 goblins
  11 hobgoblins
  3 jackals (D:10)
  A quokka (D:2)
  7 bats
  11 frilled lizards
  5 hobgoblin zombies (Ossuary)
  17 kobolds
  4 kobold zombies (Ossuary)
  6 orc zombies (Ossuary)
  A rat (D:3)
334 creatures vanquished.

Vanquished Creatures (collateral kills)
  A centaur warrior (D:8)
  A two-headed ogre (D:8)
  2 trolls
  3 vampire mosquitoes
  2 orc warriors
  2 bullfrogs
  An electric eel (D:6)
  A hound (D:6)
  A gnoll bouda (D:6)
  An orc priest (D:7)
  A sleepcap (D:6)
  An orc wizard (D:9)
  An ufetubus (D:6)
  3 orcs (D:12)
  3 kobolds (D:6)
24 creatures vanquished.

Grand Total: 358 creatures vanquished

Table legend:
 A = Non-vault XP
 B = Vault XP
 C = Vault XP percentage of total XP
 D = Non-vault monster count
 E = Vault monster count
 F = Vault count percentage of total count
                 A         B        C        D         E       F
            +---------+---------+-------+---------+---------+-------
      Total |   27100 |   10625 |  28.2 |     251 |     107 |  29.9
            +---------+---------+-------+---------+---------+-------
        D:1 |      38 |       8 |  17.4 |      25 |       8 |  24.2
        D:2 |      52 |       0 |   0.0 |      15 |       0 |   0.0
        D:3 |      42 |       7 |  14.3 |      13 |       4 |  23.5
        D:4 |     280 |       2 |   0.7 |      18 |       1 |   5.3
        D:5 |     402 |       0 |   0.0 |      15 |       0 |   0.0
        D:6 |    1245 |     818 |  39.7 |      36 |       2 |   5.3
        D:7 |     996 |       0 |   0.0 |      25 |       0 |   0.0
        D:8 |    1544 |    2730 |  63.9 |       8 |       4 |  33.3
        D:9 |    2123 |    5312 |  71.4 |      12 |      22 |  64.7
       D:10 |    3789 |     690 |  15.4 |      24 |      17 |  41.5
       D:11 |    3253 |       0 |   0.0 |      14 |       0 |   0.0
       D:12 |    6941 |       0 |   0.0 |      32 |       0 |   0.0
       D:13 |    1796 |       0 |   0.0 |       7 |       0 |   0.0
       D:14 |    4599 |       0 |   0.0 |       7 |       0 |   0.0
    Ossuary |       0 |     468 | 100.0 |       0 |      28 | 100.0
     Bailey |       0 |     590 | 100.0 |       0 |      21 | 100.0
            +---------+---------+-------+---------+---------+-------

Skill      XL: |  1  2  3  4  5  6  7  8  9 10 11 12 |
---------------+-------------------------------------+-----
Short Blades   | 1 2 3 4 5 7 8 10 12 | 12.0
Stealth        | 3 4 5 6 7 8 9 |  9.0
Ice Magic      | 1 2 3 |  3.0
Hexes          | 4 5 7 8 10 11 13 | 13.0
Spellcasting   | 3 4 5 6 7 8 |  8.1
Fighting       | 2 |  2.5
Dodging        | |  1.7

Action                     |  1- 3 |  4- 6 |  7- 9 | 10-12 || total
---------------------------+-------+-------+-------+-------++-------
  Melee: Dagger            |   158 |   215 |   335 |   677 ||  1385
         Punch             |       |     1 |     8 |     6 ||    15
   Cast: Ensorcelled Hiber |     9 |    26 |    73 |    92 ||   200
         Confusing Touch   |       |     3 |     8 |    11 ||    22
    Use: Scroll            |     2 |     8 |    14 |     7 ||    31
         Potion            |       |       |     2 |     1 ||     3
   Stab: Sleeping          |     8 |    21 |    44 |    72 ||   145
         Confused          |       |     2 |     7 |     7 ||    16
         Invisible         |       |       |       |     2 ||     2
         Distracted        |       |       |       |     1 ||     1
 Armour: Robe              |    77 |    46 |       |       ||   123
         Leather armour    |       |    43 |   237 |    38 ||   318
         Acid dragon scale |       |       |       |   268 ||   268
  Dodge: Dodged            |   117 |   154 |   376 |   431 ||  1078

Illustrated notes

Table legend:
 A = Kills in this place as a percentage of kills in the entire game.
 B = Kills by you in this place as a percentage of kills by you in the entire game.
 C = Kills by friends in this place as a percentage of kills by friends in the entire game.
 D = Other kills in this place as a percentage of other kills in the entire game.
 E = Experience gained in this place as a percentage of experience gained in the entire game.
 F = Experience gained in this place divided by the number of levels of this place that you have seen.
                   A       B       C       D       E      F
               +-------+-------+-------+-------+-------+----------------------
         Total | 100.0 | 100.0 | 100.0 | 100.0 | 100.0 | 2219.1
       Dungeon |  86.3 |  85.2 | 100.0 | 100.0 |  97.2 | 2619.1
       Ossuary |   7.8 |   8.5 |   0.0 |   0.0 |   1.2 | 468.0
        Bailey |   5.9 |   6.3 |   0.0 |   0.0 |   1.6 | 590.0
               +-------+-------+-------+-------+-------+----------------------

Table legend: (Time is in decaauts)
 A = Elapsed time spent in this place.
 B = Non-inter-level travel time spent in this place.
 C = Inter-level travel time spent in this place.
 D = Time resting spent in this place.
 E = Time spent auto-exploring this place.
 F = Levels seen in this place.
 G = Mean time per level.
                   A        B        C        D        E       F      G
               +--------+--------+--------+--------+--------+-----+--------+
         Total |  15910 |  15473 |    437 |   2071 |  10399 |  17 |  935.9 |
       Dungeon |  15256 |  14889 |    367 |   1992 |  10199 |  14 | 1089.7 |
        Temple |     71 |      2 |     69 |      0 |      0 |   1 |   71.0 |
       Ossuary |    196 |    196 |      0 |      9 |     79 |   1 |  196.0 |
        Bailey |    386 |    386 |      0 |     70 |    121 |   1 |  386.0 |
               +--------+--------+--------+--------+--------+-----+--------+

Top non-repeatable levels by time:
     D:9: 2467 daAuts
     D:6: 2075 daAuts
     D:8: 1657 daAuts
    D:10: 1342 daAuts
     D:4: 1169 daAuts
     D:3: 970 daAuts
    D:12: 960 daAuts
     D:1: 946 daAuts
     D:2: 807 daAuts
     D:5: 778 daAuts
    D:11: 733 daAuts
     D:7: 709 daAuts
  Bailey: 386 daAuts
    D:14: 375 daAuts
    D:13: 264 daAuts
